 Dungeon Crawl Stone Soup version 0.30-a0-222-ge547ba4400 (webtiles) character file.

Game seed: 14125059180774108673

556906 Bnni the Harbinger of Death (level 27, -11/231 (240) HPs)
             Began as a Formicid Fighter on Oct 9, 2022.
             Was a Believer of Yredelemnul.
             Killed from afar by a quicksilver dragon (30 damage)
             ... with a bolt of dispelling energy
             ... on level 5 of the Vaults.
             The game lasted 03:57:28 (58896 turns).

Bnni the Harbinger of Death (Formicid Fighter)     Turns: 58896, Time: 03:57:30

HP:   -11/231 (240) AC: 23    Str: 28    XL:     27
MP:   33/40         EV:  5    Int: 15    God:    Yredelemnul [**....]
Gold: 3448          SH: 26    Dex: 20    Spells: 21/50 levels left

rFire   + + .      SeeInvis +    x - +6 bardiche (freeze)
rCold   + + +      Faith    .    M - +5 tower shield of Jifeusm {rF+ Dex+4}
rNeg    + + .      Spirit   .    e - +3 crystal plate armour of Suih Rou {rC+ Int+2 Stlth-}
rPois   .          Reflect  .    (helmet unavailable)
rElec   +          Harm     .    F - scarf {rC+ rF+}
rCorr   +          Rampage  .    L - +0 pair of gloves of Jigsaw {rElec Will++ rCorr Dex-2}
Will    ++...                    P - -2 pair of boots of Jigamosch {rElec rC+ Dex-3 Slay+3}
Stlth   ..........               g - amulet of regeneration
HPRegen 1.38/turn                v - ring "Xehom" {Fly rN+}
MPRegen 0.27/turn                O - ring of Xom's Hope {rN+ Dex+4 Slay+3}

@: weak-willed, flying, lightly drained
A: permanent stasis, dig shafts and tunnels, antennae 3, four strong arms,
talons 1, agile 1, deformed body, sense surroundings 2
}: 3/15 runes: serpentine, barnacled, abyssal
a: Dig, Shaft Self, Renounce Religion, Recall Undead Harvest, Dark Bargain


You were on level 5 of the Vaults.
You worshipped Yredelemnul.
Yredelemnul was extremely pleased with you.
You visited 11 branches of the dungeon, and saw 50 of its levels.
You visited the Abyss 1 time.
You also visited: Sewer and Wizlab.

You collected 8091 gold pieces.
You spent 4643 gold pieces at shops.

Inventory:

Hand Weapons
 n - a +3 vorpal bardiche
 x - a +6 bardiche of freezing (weapon)
 K - a +2 executioner's axe of venom
Missiles
 A - 7 throwing nets
Armour
 e - the +3 crystal plate armour of Suih Rou (worn) {rC+ Int+2 Stlth-}
   (Okawaru gifted it to you on level 2 of the Snake Pit)

   Int:       It affects your intelligence (+2).
   rC:        It protects you from cold.
   Stlth:     It makes you less stealthy.
 F - a scarf of resistance (worn)
 L - the +0 pair of gloves of Jigsaw (worn) {rElec Will++ rCorr Dex-2}
   (You bought it in a shop on level 1 of the Vaults)

   Dex:       It affects your dexterity (-2).
   rElec:     It insulates you from electricity.
   rCorr:     It protects you from acid and corrosion.
   Will:      It greatly increases your willpower.
 M - the +5 tower shield of Jifeusm (worn) {rF+ Dex+4}
   (Okawaru gifted it to you on level 11 of the Dungeon)

   Dex:       It affects your dexterity (+4).
   rF:        It protects you from fire.
 P - the -2 pair of boots of Jigamosch (worn) {rElec rC+ Dex-3 Slay+3}
   (You found it on level 2 of the Crypt)

   Dex:       It affects your dexterity (-3).
   Slay:      It affects your accuracy & damage with ranged weapons and melee
   (+3).
   rC:        It protects you from cold.
   rElec:     It insulates you from electricity.
 Z - the +2 ratskin cloak {*Rats rPois rN+ Str-1 Int-1 Dex+1}
   (You bought it in a shop on level 1 of the Vaults)

   When the wearer is hurt, rats may emerge from it to assist them.
   Str:       It affects your strength (-1).
   Int:       It affects your intelligence (-1).
   Dex:       It affects your dexterity (+1).
   rPois:     It protects you from poison.
   rN:        It protects you from negative energy.
Jewellery
 c - a ring of protection from cold
 g - an amulet of regeneration (around neck)
 h - an amulet of reflection
 v - the ring "Xehom" (left hand) {Fly rN+}
   (You found it on level 3 of the Crypt)

   [ring of positive energy]

   rN:        It protects you from negative energy.
   Fly:       It grants you flight.
 E - a ring of protection from fire
 H - a ring of protection from fire
 J - a ring of positive energy
 O - the ring of Xom's Hope (right hand) {rN+ Dex+4 Slay+3}
   (You found it on level 3 of the Crypt)

   [ring of positive energy]

   Dex:       It affects your dexterity (+4).
   Slay:      It affects your accuracy & damage with ranged weapons and melee
   (+3).
   rN:        It protects you from negative energy.
Wands
 f - a wand of iceblast (31)
 k - a wand of paralysis (37)
 u - a wand of acid (36)
 w - a wand of mindburst (60)
 N - a wand of digging (14)
Scrolls
 b - 6 scrolls of vulnerability
 i - 3 scrolls of silence
 o - 9 scrolls of enchant armour
 p - 7 scrolls of magic mapping
 q - 4 scrolls of poison
 s - 2 scrolls of butterflies
 Q - 14 scrolls of amnesia
Potions
 a - 4 potions of invisibility
 j - 9 potions of attraction
 l - 5 potions of cancellation
 m - 17 potions of curing
 r - 3 potions of magic
 t - 3 potions of ambrosia
 z - 6 potions of resistance
 D - 7 potions of mutation
 R - 11 potions of brilliance
Miscellaneous
 G - a phantom mirror (inert)


   Skills:
 + Level 24.5 Fighting
 - Level 24.0 Polearms
 - Level 18.0 Armour
 - Level 17.2 Shields
 - Level 12.0 Spellcasting
 + Level 17.0 Translocations
 * Level 26.0 Invocations


You had 21 spell levels left.
You knew the following spells:

 Your Spells              Type           Power      Damage    Failure   Level
a - Apportation           Tloc           100%       N/A       1%          1
b - Passage of Golubria   Tloc           56%        N/A       2%          4
c - Lesser Beckoning      Tloc           100%       N/A       1%          3
d - Teleport Other        Tloc           56%        N/A       1%          3
e - Dispersal             Tloc           28%        N/A       34%         6
f - Manifold Assault      Tloc           56%        N/A       2%          4
g - Disjunction           Tloc           28%        N/A       100%        8

Your spell library contained the following spells:

 Spells                   Type           Power      Damage    Failure   Level
 Gell's Gravitas          Tloc           56%        N/A       1%          3
 Momentum Strike          Conj/Tloc      68%        3d9       12%         2
 Vhi's Electric Charge    Tloc/Air       68%        N/A       22%         3
 Kindle Blastsparks       Fire/Tloc/Air  52%        2d14      58%         3
 Iskenderun's Mystic Bla  Conj/Tloc      34%        2d8       58%         4
 Summon Forest            Summ/Tloc      17%        N/A       91%         5
 Beastly Appendage        Tmut           18%        N/A       94%         1
 Foxfire                  Conj/Fire      36%        2x1d5     94%         1
 Freeze                   Ice            36%        1d6       94%         1
 Kiss of Death            Conj/Necr      36%        2d8       94%         1
 Magic Dart               Conj           36%        1d4       94%         1
 Necrotise                Necr           36%        1d5       94%         1
 Sandblast                Erth           18%        2d7       94%         1
 Summon Small Mammal      Summ           36%        N/A       94%         1
 Call Imp                 Summ           9%         N/A       98%         2
 Cigotuvi's Dreadful Rot  Necr/Pois/Air  18%        N/A       98%         2
 Ensorcelled Hibernation  Hex/Ice        18%        N/A       98%         2
 Passwall                 Tmut/Erth      7%         N/A       98%         2
 Poisonous Vapours        Pois/Air       18%        N/A       98%         2
 Scorch                   Fire           18%        2d5       98%         2
 Searing Ray              Conj           18%        2d5       98%         2
 Static Discharge         Conj/Air       18%        2-3/arc   98%         2
 Sublimation of Blood     Necr           9%         N/A       98%         2
 Wereblood                Tmut           9%         N/A       98%         2
 Confusing Touch          Hex            9%         N/A       100%        3
 Dazzling Flash           Conj/Hex       18%        N/A       100%        3
 Frozen Ramparts          Ice            18%        1d3       100%        3
 Ignite Poison            Fire/Tmut/Pois 9%         N/A       100%        3
 Inner Flame              Hex/Fire       9%         N/A       100%        3
 Mephitic Cloud           Conj/Pois/Air  9%         N/A       100%        3
 Ozocubu's Armour         Ice            9%         N/A       100%        3
 Spider Form              Tmut/Pois      9%         N/A       100%        3
 Stone Arrow              Conj/Erth      18%        3d8       100%        3
 Anguish                  Hex/Necr       4%         N/A       100%        4
 Animate Armour           Summ/Erth      18%        N/A       100%        4
 Cause Fear               Hex            4%         N/A       100%        4
 Dispel Undead            Necr           9%         3d8       100%        4
 Flame Wave               Conj/Fire      9%         2d6       100%        4
 Fulminant Prism          Conj/Hex       4%         3d6       100%        4
 Ice Form                 Ice/Tmut       9%         N/A       100%        4
 Leda's Liquefaction      Hex/Erth       4%         N/A       100%        4
 Olgreb's Toxic Radiance  Pois           9%         N/A       100%        4
 Petrify                  Tmut/Erth      9%         N/A       100%        4
 Sticky Flame             Conj/Fire      9%         2d3       100%        4
 Summon Ice Beast         Ice/Summ       9%         N/A       100%        4
 Summon Lightning Spire   Summ/Air       9%         N/A       100%        4
 Alistair's Intoxication  Tmut/Pois      6%         N/A       100%        5
 Arcjolt                  Conj/Air       4%         1d14      100%        5
 Blade Hands              Tmut           4%         N/A       100%        5
 Borgnjor's Vile Clutch   Necr/Erth      4%         N/A       100%        5
 Fireball                 Conj/Fire      4%         3d4       100%        5
 Freezing Cloud           Conj/Ice/Air   4%         6-21      100%        5
 Irradiate                Conj/Tmut      4%         3d13      100%        5
 Iskenderun's Battlesphe  Conj           9%         2d6       100%        5
 Lee's Rapid Deconstruct  Erth           4%         3d6*      100%        5
 Lightning Bolt           Conj/Air       4%         1d16      100%        5
 Silence                  Hex/Air        4%         N/A       100%        5
 Summon Mana Viper        Hex/Summ       9%         N/A       100%        5
 Conjure Ball Lightning   Conj/Air       4%         3x3d6     100%        6
 Eringya's Noxious Bog    Tmut/Pois      4%         N/A       100%        6
 Iron Shot                Conj/Erth      4%         9d2       100%        6
 Starburst                Conj/Fire      4%         6d4       100%        6
 Statue Form              Tmut/Erth      6%         N/A       100%        6
 Summon Cactus Giant      Summ           4%         N/A       100%        6
 Dragon Form              Tmut           4%         N/A       100%        7
 Enfeeble                 Hex            4%         N/A       100%        7
 Malign Gateway           Summ/Tloc      17%        N/A       100%        7
 Orb of Destruction       Conj           4%         9d5       100%        7
 Ozocubu's Refrigeration  Ice            4%         4d8       100%        7
 Summon Hydra             Summ           4%         N/A       100%        7
 Discord                  Hex            4%         N/A       100%        8
 Ignition                 Fire           4%         3d4       100%        8
 Lehudib's Crystal Spear  Conj/Erth      4%         10d3      100%        8
 Maxwell's Capacitive Co  Air            4%         ∞         100%        8
 Chain Lightning          Conj/Air       4%         3d6       100%        9
 Dragon's Call            Summ           4%         N/A       100%        9
 Fire Storm               Conj/Fire      4%         8d1       100%        9
 Polar Vortex             Ice            4%         N/A       100%        9
 Shatter                  Erth           4%         3d8*      100%        9
 Blink                    Tloc           Unusable   N/A       N/A         2
 Swiftness                Air            Unusable   N/A       N/A         3

Dungeon Overview and Level Annotations

Branches:
Dungeon (15/15)            Temple (1/1) D:7            Lair (5/5) D:10
 Shoals (4/4) Lair:2        Snake (4/4) Lair:3        Slime (4/5) Lair:5
    Orc (2/2) D:11            Elf (3/3) Orc:2        Vaults (5/5) D:14
  Crypt (3/3) Vaults:2       Tomb (0/3) Crypt:3      Depths (4/4) D:15
    Zot (0/5) Depths:4      Sewer (visited)          WizLab (visited)

Altars:
Cheibriados
Dithmenos
Elyvilon
Fedhas
Kikubaaqudgha
Makhleb
Nemelex Xobeh
Okawaru
Qazlal
Ru
Sif Muna
Uskayaw
Vehumet
Xom
Yredelemnul
Zin
The Shining One
Jiyva

Shops:
D:12 (   D:14 *   D:15 =   Orc:2 (?***:?   Elf:1 [   Elf:2 ((*:   Elf:3 ((
Shoals:2 *   Shoals:3 *[*   Snake:2 *[   Vaults:1 [   Vaults:3 (   Depths:2 *
Depths:4 !

Portals:
Hell: Depths:1 Depths:2 Depths:3 Depths:4
Abyss: Depths:2 Depths:3
Pandemonium: Depths:2
Ziggurat: Depths:3
Trove: D:11 (give horn of Geryon)

Annotations:
Crypt:1 1 runed translucent door, Pegamn's ghost, legendary GrBe
Crypt:2 Caitwiop's ghost, veteran GrFi
Depths:1 Mara


Innate Abilities, Weirdness & Mutations

You cannot be hasted, slowed, berserked, paralysed or teleported.
You can dig through walls and to a lower floor.
You have a pair of large antennae on your head. (SInv)
Your four strong arms can wield two-handed weapons with a shield.
You have sharp toenails.
You are agile. (Dex +4, Str/Int -1)
Armour fits poorly on your strangely shaped body.
You passively map the area around you.


Message History

Your spectral tentacled monstrosity constricts the quicksilver dragon!
You block the iron dragon's attack. x2
The iron dragon tramples you but does no damage.
You block the phantasmal warrior's attack.
You block the quicksilver dragon's attack.
The quicksilver dragon barely misses you.
Your quicksilver dragon breathes dispelling energy at the stone giant.
The bolt of dispelling energy hits the stone giant!!
Your quicksilver dragon's attack snaps the stone giant out of its fear.
The stone giant tries to recover its lost courage.
Your vault warden hits the iron dragon with a +3 great mace of protection!!
You hear a deafening roar!
Casting: Manifold Assault (mildly dangerous; 2% risk of failure)
Confirm with . or Enter, or press ? or * to list all spells.
Casting: Dispersal (dangerous; 34% risk of failure)
Press: ? - help, Dir - look around, f - activate The shadow dragon blinks!
The phantasmal warrior blinks!
The phantasmal warrior appears confused.
The quicksilver dragon struggles to blink free from constriction.
The golden dragon blinks!
The iron dragon blinks!
The shadow dragon blinks!
Your quicksilver dragon blinks!
Your spectral tentacled monstrosity blinks!
Your spectral tentacled monstrosity loses its grip on the quicksilver dragon.
The vault warden disappears!
Your vault warden disappears!
Your quicksilver dragon breathes dispelling energy at the stone giant.
The bolt of dispelling energy hits the stone giant!
You block the quicksilver dragon's attack.
The quicksilver dragon claws you but does no damage.
An ironbound preserver comes into view. It is wielding a +0 great mace.
The iron dragon breathes metal splinters at you.
The spray of metal splinters hits you but does no damage.
The shadow dragon breathes negative energy at you.
The bolt of negative energy hits you. You partially resist.
You feel drained.
* * * LOW HITPOINT WARNING * * *
The quicksilver dragon breathes dispelling energy at you.
The bolt of dispelling energy hits you!!
Your magical effects are unravelling.
You die...
Your body rises from the dead as a mindless zombie.

* ,, : * #....#,
* * #. ,#....# ,
. , , , ,##D#
#W...#, .. ** ,
...[.#....# .##
, , * * *,
.#.#.#.(..#p...
, , , , ,
,e.....[[§).CD..
, * *
*####..[Z[!![###
** ,
..D..e§@§......
, ,
.....DDD§<.....
, ,
.....§D§<§.....,
, ,
....p...[D[....
,, , *
*####)..[....###
* ,, * *
,.........[. ,,
,, ,
..p#..[.#.##.
*#.c##)!.p#.. *
, , * * ** , ,


You could see 2 shadow dragons, an iron dragon (catching breath), an ironbound
preserver, a golden dragon, a storm dragon, 2 quicksilver dragons, a stone giant
(fleeing, ally target), 2 vault wardens, a yaktaur captain, a vault sentinel
(fleeing), 2 deep elf high priests, a phantasmal warrior (confused), a friendly
quicksilver dragon (summoned, catching breath, drained) and a friendly spectral
tentacled monstrosity.

Vanquished Creatures
  Sojobo (Crypt:2)
  Bai Suzhen (Depths:1)
  Saint Roka (Crypt:2)
  Vashnia (Snake:3)
  A golden dragon (Depths:3)
  A profane servitor (Crypt:3)
  the Enchantress (Depths:2)
  4 bone dragons
  A tentacled monstrosity (Vaults:5)
  A hellephant (Abyss:4)
  3 liches
  A shard shrike skeleton (Crypt:2)
  3 deep elf blademasters
  11 titans
  A walking frostbound tome (Depths:3)
  3 tentacled starspawn (Abyss:4)
  5 quicksilver dragons
  3 sphinxes
  6 acid blobs
  4 ancient champions
  11 deep elf master archers
  Gastronok (D:10)
  A thorn hunter (Abyss:4)
  A kraken (Shoals:3)
  Frances (D:14)
  3 revenants
  8 tengu reavers
  4 storm dragons
  2 rockslimes
  Agnes (Snake:3)
  3 shadow dragons (Depths:3)
  A fenstrider witch (Shoals:3)
  4 azure jellies
  6 nagarajas
  15 frost giants
  10 vault wardens
  13 fire giants
  3 deep elf sorcerers
  Ilsuiw (Shoals:2)
  A curse skull (Crypt:3)
  2 cacodemons (Abyss:2)
  A balrug (Depths:4)
  A draconian shifter (Depths:4)
  5 ghouls
  3 deep elf elementalists (Elf:3)
  11 ironbound preservers
  12 stone giants
  A reaper (Depths:4)
  A quicksilver ooze (Slime:1)
  A war gargoyle (Vaults:4)
  6 spriggan defenders
  17 very ugly things
  5 deep elf demonologists
  4 vampire knights
  4 ironbound thunderhulks
  2 black draconians (Crypt:1)
  8 deep elf annihilators
  2 green draconians
  6 dire elephants
  6 white draconians
  3 yellow draconians
  10 spark wasps
  9 deep elf death magi
  An eidolon (Crypt:1)
  4 ettins
  A blizzard demon (Depths:3)
  19 jiangshi
  5 fire dragons
  The ghost of Qaeddaicw the Skirmisher, a journeyman FoHu of Gozag (Orc:1)
  14 deep elf high priests
  4 merfolk javelineers
  12 merfolk impalers
  2 entropy weavers
  5 rakshasas
  5 yaktaur captains
  6 great orbs of eyes
  An entropy weaver (shapeshifter) (Elf:1)
  Erolcha (D:10)
  6 salamander tyrants
  A hydra (shapeshifter) (Depths:2)
  3 ice dragons
  6 hydras
  2 ogre magi
  34 vault guards
  6 spriggan air magi
  9 merfolk avatars
  2 alligator snapping turtles
  11 anacondas
  13 centaur warriors
  7 ironbound frosthearts
  9 boulder beetles
  A merfolk aquamancer (Shoals:4)
  7 two-headed ogres
  7 death knights
  6 death yaks
  10 deep troll shamans
  6 naga warriors
  3 satyrs
  12 spriggan berserkers
  12 tengu warriors
  5 vampire magi
  8 deep troll earth magi
  25 dancing weapons
  6 shock serpents
  5 hell knights
  13 naga sharpshooters
  26 deep elf knights
  A titan skeleton (Vaults:4)
  6 thrashing horrors (Abyss:4)
  2 soul eaters
  3 sun demons (Depths:3)
  Sonja (Lair:3)
  10 iron trolls
  3 wretched stars
  A sixfirhy (Abyss:2)
  11 salamander mystics
  8 shadow wraiths
  34 skeletal warriors
  20 starcursed masses
  A spatial maelstrom (Abyss:4)
  5 naga ritualists
  4 glowing orange brains
  35 deep trolls
  19 sea snakes
  6 flayed ghosts
  22 deep elf archers
  A steelbarb worm (shapeshifter) (Abyss:4)
  A spriggan rider (Depths:2)
  A spectral hydra (Crypt:3)
  A bunyip skeleton (Crypt:2)
  A shadow dragon zombie (Crypt:2)
  A golden dragon skeleton (Crypt:1)
  7 phantasmal warriors
  5 wizards
  2 sphinx zombies
  7 orc knights
  13 ironbound convokers
  13 harpies
  3 necromancers
  4 lindwurms
  26 deep elf pyromancers
  37 deep elf zephyrmancers
  9 mana vipers
  A wolf spider (D:13)
  23 fauns
  2 tengu skeletons (Vaults:2)
  An orc sorcerer (Orc:1)
  A faun (shapeshifter) (Depths:2)
  17 manticores
  14 cyclopes
  26 ugly things
  A will-o-the-wisp (Abyss:4)
  3 worldbinders (Abyss:4)
  23 salamanders
  3 shining eyes
  A moth of wrath (shapeshifter) (Depths:2)
  6 elephants (Lair:5)
  Maurice (Orc:2)
  11 guardian serpents
  An ice statue (Depths:3)
  14 merfolk sirens
  13 vault sentinels
  5 human skeletons (Vaults:2)
  2 smoke demons (Abyss:4)
  2 apocalypse crabs (Abyss:4)
  18 naga magi
  15 water nymphs
  3 eyes of devastation
  45 black mambas
  11 cane toads
  An orange demon (Abyss:4)
  3 torpor snails (Depths:2)
  2 unseen horrors
  3 tengu conjurers
  A green draconian zombie (Crypt:2)
  An elf skeleton (Vaults:2)
  6 kobold demonologists
  3 efreet
  28 yaktaurs
  4 rime drakes
  2 yaktaur skeletons
  9 komodo dragons
  Psyche (D:10)
  15 freezing wraiths
  3 ancient zymes (Abyss:4)
  A green draconian skeleton (Crypt:1)
  11 wind drakes
  2 meliai
  A troll (D:14)
  3 polar bears
  27 merfolk
  A hornet (shapeshifter) (D:14)
  101 slime creatures
  4 raiju
  5 hornets
  A snapping turtle (shapeshifter) (Depths:4)
  A slime creature (shapeshifter) (Depths:3)
  17 blink frogs
  21 dream sheep
  10 snapping turtles
  A guardian serpent zombie (Crypt:1)
  An air elemental (Elf:1)
  A deep troll skeleton (Vaults:2)
  A culicivora (shapeshifter) (Elf:1)
  2 centaur simulacra
  Sigmund (D:2)
  53 flying skulls
  2 shadows
  A yak (shapeshifter) (D:14)
  10 wraiths
  4 wyverns
  An ettin skeleton (Crypt:2)
  4 spriggans
  12 large abominations
  13 water elementals
  56 yaks
  4 ynoxinuls
  6 basilisks
  A vampire (D:14)
  3 golden eyes (Slime:4)
  3 steam dragons
  2 neqoxecs (Abyss:4)
  A chaos spawn (Abyss:4)
  2 redbacks (Vaults:4)
  7 vampire mosquitoes
  5 fire elementals
  47 nagas
  A harpy simulacrum (Crypt:3)
  6 wargs
  10 water moccasins
  2 acid dragons
  A human zombie (Depths:1)
  2 hell hounds (Abyss:4)
  A glowing shapeshifter skeleton (Vaults:2)
  A floating eye (Depths:4)
  38 orc warriors
  4 sky beasts
  A hornet zombie (Crypt:1)
  A black bear (D:7)
  An ice beast (D:7)
  5 ettin simulacra
  9 boggarts
  5 wolves (Lair:5)
  8 ogres
  22 centaurs
  2 phantoms
  12 kobold brigands
  13 bullfrogs
  6 necrophages
  A rime drake skeleton (Crypt:2)
  3 earth elementals
  2 gnoll sergeants
  2 scorpions
  A yak zombie (Crypt:1)
  3 killer bees (D:8)
  A shapeshifter skeleton (Crypt:2)
  A yak skeleton (Crypt:1)
  6 electric eels
  5 howler monkeys
  A lava snake (Lair:4)
  12 small abominations
  2 jellies
  A hound (D:5)
  7 orc priests
  4 gnoll boudas
  5 iguanas
  Jessica (D:2)
  17 orc wizards
  A deep dwarf skeleton (Crypt:2)
  Robin (D:2)
  20 gnolls
  A river rat (Sewer)
  10 adders
  A shadow imp (Abyss:2)
  A white imp (D:6)
  5 ufetubi
  5 worms
  4 dart slugs
  72 orcs
  8 ball pythons
  6 endoplasms
  9 giant cockroaches
  19 goblins
  9 hobgoblins
  13 jackals
  13 quokkas
  4 bats
  2 frilled lizards
  A hobgoblin skeleton (Crypt:2)
  19 kobolds
  9 rats
  A butterfly (D:4)
  A fire vortex (Lair:4)
  2 lurking horrors (Abyss:4)
  A starspawn tentacle (Abyss:2)
  4 tentacles (Shoals:3)
2192 creatures vanquished.

Vanquished Creatures (collateral kills)
  An ancient lich (Abyss:4)
  A bone dragon (Depths:4)
  A tentacled monstrosity (Depths:3)
  A walking crystal tome (Depths:3)
  A deep elf master archer (Vaults:4)
  3 titans
  An Executioner (Abyss:4)
  A tentacled starspawn (Abyss:2)
  A sphinx (Depths:3)
  A nagaraja (Abyss:4)
  A tengu reaver (Depths:2)
  A rockslime (Slime:1)
  An azure jelly (Slime:1)
  A fire giant (Vaults:2)
  2 frost giants
  A balrug (Depths:3)
  A vault warden (Vaults:5)
  An iron dragon (Depths:3)
  4 stone giants
  2 very ugly things (Depths:1)
  A quicksilver ooze (Slime:4)
  A vampire knight (Depths:2)
  A green draconian (Depths:4)
  A black draconian (Depths:4)
  8 spark wasps
  2 dire elephants (Vaults:4)
  A red draconian (Abyss:4)
  A yellow draconian (Depths:4)
  A green death (Abyss:4)
  An entropy weaver (Abyss:4)
  3 fire dragons (Depths:2)
  3 ettins
  2 vault guards (Vaults:5)
  2 spriggan air magi
  A yaktaur captain (Vaults:3)
  A rakshasa (Abyss:4)
  An ice dragon (Depths:3)
  2 centaur warriors (Vaults:3)
  A death knight (Crypt:1)
  A vampire mage (Depths:4)
  2 hell hogs (Depths:3)
  5 thrashing horrors (Abyss:4)
  4 deep troll earth magi
  9 tengu warriors
  2 hell knights (Depths:1)
  2 soul eaters (Depths:3)
  An iron troll (Depths:3)
  3 skeletal warriors
  2 wretched stars (Abyss:4)
  11 deep trolls
  3 starcursed masses (Abyss:4)
  2 quicksilver dragon simulacra (Depths:3)
  A spriggan rider (Depths:2)
  A deep elf archer (Vaults:4)
  2 ironbound convokers
  2 deep elf zephyrmancers (Vaults:4)
  2 necromancers (Depths:1)
  3 ugly things
  A shining eye (shapeshifter) (Vaults:5)
  A tengu skeleton (Vaults:2)
  A worldbinder (Abyss:2)
  A vault sentinel (Vaults:4)
  A torpor snail (Depths:2)
  A purple draconian zombie (Crypt:2)
  2 freezing wraiths (Depths:3)
  A kobold demonologist (Abyss:4)
  2 human skeletons (Vaults:2)
  A tengu conjurer (Depths:2)
  A harpy zombie (Abyss:4)
  A yaktaur skeleton (Vaults:2)
  An ancient zyme (Abyss:2)
  A hornet (Depths:2)
  2 blink frogs (Abyss:4)
  13 slime creatures
  7 large abominations
  A spriggan (Depths:2)
  A harpy simulacrum (Abyss:4)
  A hell hound (Abyss:4)
  A deep troll skeleton (Crypt:1)
  A necrophage (Crypt:2)
  2 small abominations (Abyss:4)
  A swamp drake skeleton (Crypt:1)
  A white imp (Abyss:4)
  An orc (Crypt:2)
  A giant cockroach zombie (Crypt:1)
  A lurking horror (Abyss:4)
169 creatures vanquished.

Vanquished Creatures (others)
  A fire giant (D:15)
  A spectral ogre (Crypt:1)
  A spectral tentacled monstrosity (Depths:3)
  A spectral quicksilver dragon (Depths:3)
  A rockslime zombie (Slime:4)
  A green draconian (Vaults:2)
  5 very ugly thing zombies
  An acid blob zombie (Slime:4)
  A deep elf high priest (Depths:3)
  2 spectral elves
  An ogre mage (Vaults:5)
  An azure jelly zombie (Slime:3)
  A spectral balrug (Depths:4)
  2 deep elf knights
  A quicksilver ooze zombie (Slime:4)
  A spectral ice dragon (Depths:3)
  A spectral reaper (Depths:4)
  A storm dragon zombie (Vaults:5)
  3 spark wasp zombies
  2 ogre zombies
  A wizard (Vaults:3)
  A spectral slime creature (Slime:3)
  An iron dragon zombie (Depths:3)
  9 ugly thing zombies
  A deep elf pyromancer (Elf:1)
  4 stone giant zombies
  A spectral blizzard demon (Depths:3)
  A manticore (Lair:5)
  2 frost giant zombies (Depths:2)
  A fire giant zombie (Depths:1)
  A hell hog zombie (Depths:3)
  2 centaur zombies (Vaults:3)
  3 spectral humans
  A dire elephant zombie (Vaults:3)
  A spectral soul eater (Depths:3)
  3 spectral sun demons (Depths:3)
  A redback zombie (Vaults:4)
  A rime drake (Lair:4)
  A yaktaur (Vaults:3)
  A green draconian zombie (Depths:4)
  An iron troll zombie (Depths:2)
  23 human zombies
  A spectral floating eye (Depths:4)
  2 fire dragon zombies (Depths:2)
  2 great orb of eyes zombies
  An ice dragon zombie (Depths:2)
  A centaur simulacrum (D:13)
  A boulder beetle zombie (Vaults:3)
  A wraith (D:13)
  2 elf zombies
  25 slime creature zombies
  A redback (Vaults:4)
  A spectral orange demon (Abyss:4)
  16 deep troll zombies
  6 tengu zombies
  A hornet zombie (Depths:2)
  A spectral smoke demon (Abyss:4)
  A blink frog zombie (Abyss:4)
  A boggart (D:15)
  A torpor snail zombie (Depths:2)
  A spectral neqoxec (Abyss:4)
  7 yaktaur zombies
  5 spriggan zombies
  2 raiju zombies
  A howler monkey (D:13)
  An orc wizard (Vaults:5)
  6 orc zombies
  A spectral shadow imp (Abyss:2)
  A spectral white imp (Abyss:4)
  A spectral ufetubus (Abyss:4)
  2 foxfires (Abyss:4)
  23 fungi
  204 plants
  3 starspawn tentacles
  2 withered plants (Crypt:1)
415 creatures vanquished.

Grand Total: 2776 creatures vanquished

Notes
Turn   | Place    | Note
-------+----------+-------------------------------------------
     0 | D:1      | Bnni the Formicid Fighter began the quest for the Orb.
     0 | D:1      | Reached XP level 1. HP: 18/18 MP: 1/1
   104 | D:1      | Reached XP level 2. HP: 23/24 MP: 2/2
   275 | D:1      | Reached XP level 3. HP: 29/29 MP: 3/3
   346 | D:1      | Found a faded altar of an unknown god.
   715 | D:2      | Noticed Jessica
   716 | D:2      | Reached skill level 5 in Shields
   718 | D:2      | Reached XP level 4. HP: 37/37 MP: 4/4
   734 | D:2      | Killed Jessica
   799 | D:2      | Identified the +10 quarterstaff of Integrity {protect,
                  | *Slow rCorr Int+4 Dex+4}
   890 | D:2      | Noticed Robin
   908 | D:2      | Reached XP level 5. HP: 24/42 MP: 5/5
   914 | D:2      | Killed Robin
  1073 | D:2      | Noticed Sigmund
  1086 | D:2      | Killed Sigmund
  1087 | D:2      | Reached skill level 5 in Polearms
  1087 | D:2      | Reached XP level 6. HP: 42/50 MP: 6/6
  1131 | D:2      | Identified the +4 trident of the Known World {vorpal, rCorr
                  | Str+3}
  1181 | D:2      | Reached skill level 5 in Fighting
  1814 | D:3      | Found a shimmering blue altar of Sif Muna.
  1843 | D:3      | Reached XP level 7. HP: 55/56 MP: 7/7
  1906 | D:3      | Found an iron altar of Okawaru.
  2319 | D:3      | Became a worshipper of Warmaster Okawaru
  2551 | D:4      | Reached * piety under Okawaru
  2552 | D:4      | Reached skill level 1 in Invocations
  2887 | D:4      | Reached XP level 8. HP: 64/64 MP: 7/9
  2930 | D:4      | Found a shimmering altar of Xom.
  3330 | D:5      | Entered Level 5 of the Dungeon
  3366 | D:5      | Reached skill level 2 in Invocations
  3455 | D:5      | Reached skill level 3 in Invocations
  3678 | D:5      | Found a radiant altar of Vehumet.
  3729 | D:5      | Found a glowing drain.
  3754 | Sewer    | Entered a sewer
  3841 | Sewer    | Reached ** piety under Okawaru
  3864 | Sewer    | Found a white marble altar of Elyvilon.
  4247 | D:5      | Reached skill level 4 in Invocations
  4247 | D:5      | Reached XP level 9. HP: 71/71 MP: 10/12
  4791 | D:6      | Identified the +7 chain mail of Cupaeh {Rampage rPois rC-
                  | rN+}
  5128 | D:6      | Reached XP level 10. HP: 79/79 MP: 13/13
  5149 | D:7      | Reached skill level 5 in Invocations
  5238 | D:7      | Found a staircase to the Ecumenical Temple.
  5244 | Temple   | Entered the Ecumenical Temple
  5545 | D:7      | Noticed a red ugly thing
  5551 | D:7      | Killed a red ugly thing
  5551 | D:7      | Reached *** piety under Okawaru
  5552 | D:7      | Reached skill level 6 in Invocations
  5747 | D:7      | Found the +1 Delatra's gloves {ID++}
  6143 | D:7      | Found a sparkling altar of Nemelex Xobeh.
  6143 | D:7      | Found a shadowy altar of Dithmenos.
  6592 | D:8      | Found a glowing golden altar of the Shining One.
  6711 | D:8      | Reached XP level 11. HP: 86/86 MP: 16/16
  6803 | D:8      | Found a blossoming altar of Fedhas.
  6905 | D:9      | Reached skill level 7 in Invocations
  7120 | D:9      | Found a burning altar of Makhleb.
  7259 | D:9      | Reached **** piety under Okawaru
  7266 | D:9      | Reached skill level 5 in Armour
  7278 | D:9      | Received a gift from Okawaru
  7288 | D:9      | Reached skill level 8 in Invocations
  7376 | D:9      | Found a white marble altar of Elyvilon.
  7893 | D:10     | Entered Level 10 of the Dungeon
  7896 | D:10     | Noticed a sun demon
  7899 | D:10     | Noticed a sun demon
  8019 | D:10     | Noticed Gastronok
  8036 | D:10     | Killed Gastronok
  8036 | D:10     | Reached ***** piety under Okawaru
  8037 | D:10     | Reached skill level 9 in Invocations
  8293 | D:10     | Found a staircase to the Lair.
  8465 | D:10     | Noticed Erolcha
  8474 | D:10     | Killed Erolcha
  8475 | D:10     | Reached skill level 10 in Invocations
  8872 | D:10     | Noticed Psyche
  8878 | D:10     | Killed Psyche
  8879 | D:10     | Reached XP level 12. HP: 95/95 MP: 16/19
  9003 | D:11     | Noticed a two-headed ogre
  9011 | D:11     | Killed a two-headed ogre
  9011 | D:11     | Received a gift from Okawaru
  9063 | D:11     | Found a portal to a secret trove of treasure.
  9202 | D:11     | Found a staircase to the Orcish Mines.
  9238 | D:11     | Noticed a boulder beetle
  9272 | D:11     | Identified the +5 tower shield of Jifeusm {rF+ Dex+4}
                  | (Okawaru gifted it to you on level 11 of the Dungeon)
  9272 | D:11     | Received a gift from Okawaru
  9280 | D:11     | Killed a boulder beetle
  9389 | D:11     | Reached skill level 11 in Invocations
  9393 | D:11     | Identified the +3 leather armour of Ymareipn {Slay+5}
  9458 | D:11     | Noticed a two-headed ogre
  9471 | D:11     | Killed a two-headed ogre
  9509 | D:11     | Reached skill level 10 in Shields
  9516 | D:11     | Reached skill level 10 in Fighting
  9791 | D:11     | Identified a scroll of acquirement
  9793 | D:11     | Acquired a +1 bardiche of protection
  9885 | D:12     | Found Acaom's Antique Weapon Emporium.
 10016 | D:12     | Reached XP level 13. HP: 31/103 MP: 4/21
 10630 | D:12     | Reached skill level 12 in Invocations
 10884 | D:13     | Noticed a centaur warrior
 10884 | D:13     | Noticed a seven-headed hydra
 10884 | D:13     | Noticed an ogre mage
 10897 | D:13     | Killed a seven-headed hydra
 10909 | D:13     | Killed a centaur warrior
 10922 | D:13     | Killed an ogre mage
 10922 | D:13     | Identified the +0 chain mail of Gestures {Str+4} (Okawaru
                  | gifted it to you on level 13 of the Dungeon)
 10922 | D:13     | Received a gift from Okawaru
 10930 | D:13     | Reached skill level 15 in Polearms
 11029 | D:13     | Noticed a centaur warrior
 11046 | D:13     | Noticed a centaur warrior
 11049 | D:13     | Identified the ring of the Komodo Dragon {Fly Will+ Dex+3}
 11058 | D:13     | Noticed a centaur warrior
 11062 | D:13     | Noticed a centaur warrior
 11080 | D:13     | Killed a centaur warrior
 11086 | D:13     | Reached ****** piety under Okawaru
 11100 | D:13     | Killed a centaur warrior
 11113 | D:13     | Killed a centaur warrior
 11115 | D:13     | Noticed a centaur warrior
 11123 | D:13     | Noticed a centaur warrior
 11124 | D:13     | Killed a centaur warrior
 11130 | D:13     | Killed a centaur warrior
 11131 | D:13     | Reached XP level 14. HP: 73/111 MP: 7/23
 11194 | D:13     | Reached skill level 15 in Shields
 11259 | D:13     | Received a gift from Okawaru
 11473 | D:13     | Got Cuerarud's Precepts of Greatest Risks and Utility
 12407 | D:14     | Found Likiuz's Neck Hole.
 12407 | D:14     | Noticed Frances
 12415 | D:14     | Killed Frances
 12420 | D:14     | Bought an amulet of reflection for 420 gold pieces
 12420 | D:14     | Bought a scarf of harm for 126 gold pieces
 12633 | D:14     | Reached skill level 13 in Invocations
 12872 | D:14     | Noticed a deep elf annihilator
 12877 | D:14     | Killed a deep elf annihilator
 12893 | D:14     | Got Sif Muna's Opusculum on Terrestrial Gusts
 12897 | D:14     | Identified the +1 buckler of Whack-A-Mole {rElec Will-
                  | Int+4 Dex+6}
 13310 | D:15     | Entered Level 15 of the Dungeon
 13338 | D:14     | Reached XP level 15. HP: 56/120 MP: 19/24
 13718 | D:15     | Received a gift from Okawaru
 13752 | D:15     | Found a shadowy altar of Dithmenos.
 13784 | D:15     | Reached skill level 10 in Armour
 13788 | D:15     | Found a staircase to the Depths.
 13788 | D:15     | Noticed a fire giant
 13795 | D:15     | Killed a fire giant
 14020 | D:15     | Found Pasuiwus's Jewellery Emporium.
 14063 | D:15     | Found a sacrificial altar of Ru.
 14870 | D:15     | Identified the +5 plate armour of Ivvod {*Slow rPois Str-2
                  | Dex+6} (Okawaru gifted it to you on level 15 of the
                  | Dungeon)
 14870 | D:15     | Received a gift from Okawaru
 15085 | Lair:1   | Entered Level 1 of the Lair of Beasts
 15141 | Lair:1   | Identified the +9 falchion "Brush" {vorpal, Will+}
 15810 | Lair:2   | Found a staircase to the Shoals.
 16687 | Lair:2   | Identified the +1 ring mail of Untold Secrets {rN++ Slay+2
                  | Stlth+}
 16989 | Lair:3   | Noticed Sonja
 16998 | Lair:3   | Killed Sonja
 17218 | Lair:3   | Found a staircase to the Snake Pit.
 17648 | Lair:3   | Received a gift from Okawaru
 17962 | Lair:4   | Reached XP level 16. HP: 117/131 MP: 25/25
 18852 | Lair:5   | Entered Level 5 of the Lair of Beasts
 19069 | Lair:5   | Found a viscous altar of Jiyva.
 19070 | Lair:5   | Found a staircase to the Slime Pits.
 19258 | Arena    | Entered the Arena
 20217 | D:11     | Learned a level 1 spell: Apportation
 20222 | D:11     | Learned a level 4 spell: Passage of Golubria
 20223 | Orc:1    | Entered Level 1 of the Orcish Mines
 20376 | Orc:1    | Found a runed translucent door.
 20652 | Orc:1    | Noticed Qaeddaicw's ghost (journeyman FoHu)
 20664 | Orc:1    | Killed Qaeddaicw's ghost
 20669 | Orc:1    | Identified the +10 morningstar of the Teaching Pariah
                  | {protect, rCorr}
 20869 | Orc:2    | Entered Level 2 of the Orcish Mines
 20879 | Orc:2    | Noticed Maurice
 20888 | Orc:2    | Killed Maurice
 20889 | Orc:2    | Found Nirphut's Magic Scroll Shoppe.
 20898 | Orc:2    | Bought a scroll of brand weapon for 142 gold pieces
 20934 | Orc:2    | Found Roicsann's Book Shop.
 20975 | Orc:2    | Found Feifiysm's Assorted Antiques.
 21017 | Orc:2    | Received a gift from Okawaru
 21131 | Orc:2    | Found a staircase to the Elven Halls.
 21257 | Orc:2    | Found Xearcho's Magic Scroll Shop.
 21257 | Orc:2    | Found Logih's Weapon Emporium.
 21259 | Orc:2    | Found Nyntuwne's Antique Weapon Shoppe.
 21261 | Orc:2    | Found Ibromuq's General Store.
 21277 | Orc:2    | Bought a scroll of acquirement for 832 gold pieces
 21277 | Orc:2    | Acquired a manual of Polearms
 21447 | Orc:2    | Found Yjem's Assorted Antiques.
 21455 | Orc:2    | Bought a potion of heal wounds for 115 gold pieces
 21890 | Snake:1  | Entered Level 1 of the Snake Pit
 22395 | Snake:1  | Noticed a nagaraja
 22402 | Arena    | Entered the Arena
 22409 | Arena    | Killed a nagaraja
 22410 | Arena    | Reached XP level 17. HP: 76/140 MP: 12/26
 22440 | Snake:1  | Reached skill level 15 in Fighting
 22903 | Snake:1  | Identified the +1 trident "Wossy" {elec, *Corrode rPois
                  | Dex+5 Stlth+}
 23109 | Snake:1  | Received a gift from Okawaru
 23782 | Snake:2  | Found Erouh's Armour Emporium.
 23782 | Snake:2  | Found Oroet's Assorted Antiques.
 23793 | Snake:2  | Identified the +3 crystal plate armour of Suih Rou {rC+
                  | Int+2 Stlth-} (Okawaru gifted it to you on level 2 of the
                  | Snake Pit)
 23793 | Snake:2  | Received a gift from Okawaru
 24917 | Snake:2  | Reached XP level 18. HP: 103/152 MP: 27/27
 25574 | Snake:3  | Noticed Agnes
 25583 | Snake:3  | Killed Agnes
 25584 | Snake:3  | Reached skill level 1 in Spellcasting
 25584 | Snake:3  | Reached skill level 1 in Translocations
 25915 | Snake:3  | Noticed Vashnia
 25935 | Snake:3  | Killed Vashnia
 25935 | Snake:3  | Identified the +0 cloak of the Orcish Mines {Drain Int+4}
                  | (Okawaru gifted it to you on level 3 of the Snake Pit)
 25935 | Snake:3  | Received a gift from Okawaru
 27150 | Snake:4  | Entered Level 4 of the Snake Pit
 28629 | Snake:4  | Received a gift from Okawaru
 29239 | Snake:4  | Noticed a quicksilver dragon
 29241 | Snake:4  | Noticed a quicksilver dragon
 29243 | Arena    | Entered the Arena
 29252 | Arena    | Killed a quicksilver dragon
 29276 | Arena    | Entered the Arena
 29279 | Arena    | Killed a quicksilver dragon
 29701 | Snake:4  | Got a serpentine rune of Zot
 30057 | Shoals:1 | Entered Level 1 of the Shoals
 30094 | Arena    | Entered the Arena
 30101 | Arena    | Reached XP level 19. HP: 93/161 MP: 21/28
 30487 | Shoals:1 | Reached skill level 5 in Spellcasting
 30821 | Shoals:1 | Reached skill level 5 in Translocations
 30932 | Shoals:1 | Received a gift from Okawaru
 31234 | Shoals:1 | Acquired 702 gold pieces
 31378 | Orc:2    | Bought a manual of Armour for 1280 gold pieces
 31649 | Shoals:2 | Noticed Ilsuiw
 31657 | Shoals:2 | Killed Ilsuiw
 31782 | Shoals:2 | Found Vuntaxoi's Assorted Antiques.
 31793 | Shoals:2 | Bought a potion of curing for 72 gold pieces
 32883 | Shoals:3 | Found Nefoaxaf's Antique Armour Shop.
 32910 | Shoals:3 | Bought a pair of runed gloves for 202 gold pieces
 33526 | Shoals:3 | Found Dieghag's General Store.
 33707 | Shoals:3 | Found Mitaif's Assorted Antiques.
 33781 | Shoals:4 | Entered Level 4 of the Shoals
 33831 | Shoals:4 | Identified the ring "Viufuut" {Will+ MP+9 Str-5 Stlth+}
 34317 | Shoals:4 | Reached XP level 20. HP: 170/170 MP: 31/31
 34558 | Shoals:4 | Identified the amulet "Efiss" {Faith +Inv Slay+4}
 34587 | Shoals:4 | Identified the +1 cloak of the Marlin {Str+3} (Okawaru
                  | gifted it to you on level 4 of the Shoals)
 34587 | Shoals:4 | Received a gift from Okawaru
 35180 | Shoals:4 | Got a barnacled rune of Zot
 35639 | Elf:1    | Entered Level 1 of the Elven Halls
 36348 | Elf:1    | Found Ullocebo's Armour Shoppe.
 36814 | Elf:2    | Found Jerah's Book Emporium.
 36946 | Elf:2    | Found Ticli's Weapon Shoppe.
 37059 | Elf:2    | Found Emniremo's Assorted Antiques.
 37067 | Elf:2    | Bought a scroll of brand weapon for 285 gold pieces
 37197 | Elf:2    | Found Ycextex's Antique Weapon Emporium.
 37238 | Elf:2    | Identified the +4 trident of Kuve {freeze, rElec Str+3
                  | Int+3 Dex-4} (Okawaru gifted it to you on level 2 of the
                  | Elven Halls)
 37238 | Elf:2    | Received a gift from Okawaru
 37559 | Elf:2    | Found a huge runed translucent gate.
 37559 | Elf:2    | Found a huge runed translucent gate.
 37572 | Elf:2    | Found a huge runed translucent gate.
 37572 | Elf:2    | Found a huge runed translucent gate.
 37572 | Elf:2    | Found a huge runed translucent gate.
 37680 | Elf:2    | Reached skill level 15 in Armour
 37701 | Elf:2    | Reached XP level 21. HP: 172/179 MP: 29/34
 38052 | Elf:2    | Reached skill level 10 in Spellcasting
 38061 | Elf:2    | Learned a level 3 spell: Lesser Beckoning
 38065 | Elf:2    | Learned a level 3 spell: Teleport Other
 38281 | Elf:2    | Identified the +1 long sword of Mirrodea {freeze, Will+
                  | Stlth+}
 38341 | Elf:3    | Entered Level 3 of the Elven Halls
 38472 | Elf:3    | Found a magical portal.
 38478 | WizLab   | Entered Cigotuvi's Fleshworks
 38527 | WizLab   | Gained mutation: You are clumsy. (Dex -2) [mutagenic glow]
 38553 | Elf:3    | Found Qusm's Weapon Shoppe.
 38628 | Elf:3    | Identified the +2 pair of gloves of Jowewny {Harm} (Okawaru
                  | gifted it to you on level 3 of the Elven Halls)
 38628 | Elf:3    | Received a gift from Okawaru
 38697 | Elf:3    | Found Tacial's Weapon Shoppe.
 39251 | Elf:3    | Identified the +7 long sword "Undertaker" {venom, rN++}
 39362 | Elf:3    | Identified the +11 broad axe "Wihaudink" {flame, Dex+2}
 39365 | Elf:3    | Identified the +6 dire flail of Yeast {vorpal, Dex+5}
 39412 | Elf:3    | HP: 1/181 [deep elf annihilator/crystal spear (96)]
 39437 | Elf:3    | Identified the +5 hand axe of Voeshatu {drain, rElec Dex+4
                  | SInv}
 39456 | Elf:3    | Reached skill level 10 in Translocations
 39460 | Elf:3    | Identified the +1 robe of Slovenliness {*Corrode rPois
                  | Int-4 SInv}
 39484 | Elf:3    | Identified the ring of Sealuro {Fly rElec Will+ Dex-5}
 39732 | Elf:3    | Identified the ring "Qoras Meseu" {Str+6 Int+6 Stlth+}
 39766 | Elf:3    | Got Sif Muna's Lessons on Frostbite
 39792 | Elf:3    | Identified the +5 sling of Hudeig {flame, rN+ Str+7}
 39832 | Elf:3    | Identified the +11 spear of the Leaping Boar {vorpal, rC-
                  | rCorr Dex+6}
 40423 | D:14     | Found a gate to the Vaults.
 40530 | Vaults:1 | Entered Level 1 of the Vaults
 40546 | Vaults:1 | Found Zeomoq's Armour Shoppe.
 40551 | Vaults:1 | Bought the +2 ratskin cloak {*Rats rPois rN+ Str-1 Int-1
                  | Dex+1} for 361 gold pieces
 40551 | Vaults:1 | Found the +2 ratskin cloak {*Rats rPois rN+ Str-1 Int-1
                  | Dex+1}
 40551 | Vaults:1 | Bought the +0 pair of gloves of Jigsaw {rElec Will++ rCorr
                  | Dex-2} for 440 gold pieces
 40905 | Vaults:1 | Received a gift from Okawaru
 41084 | Vaults:1 | Identified the +0 chain mail "Mudwom" {Rampage}
 41200 | Vaults:1 | Reached XP level 22. HP: 188/190 MP: 36/36
 41721 | Temple   | Fell from the grace of Okawaru
 41721 | Temple   | Became a worshipper of Yredelemnul the Dark
 41968 | Vaults:2 | Reached * piety under Yredelemnul
 41969 | Vaults:2 | Reached ** piety under Yredelemnul
 41969 | Vaults:2 | Reached *** piety under Yredelemnul
 42024 | Vaults:2 | Reached **** piety under Yredelemnul
 42024 | Vaults:2 | Reached ***** piety under Yredelemnul
 42541 | Vaults:2 | Found a staircase to the Crypt.
 42988 | Vaults:2 | Reached ****** piety under Yredelemnul
 43840 | Vaults:3 | Reached skill level 14 in Invocations
 43917 | Vaults:3 | Identified the +4 shortbow "Ribituemm" {vorpal, rPois
                  | Will+}
 44201 | Vaults:3 | Learned a level 4 spell: Manifold Assault
 44208 | Vaults:3 | Learned a level 6 spell: Dispersal
 44217 | Vaults:3 | Learned a level 8 spell: Disjunction
 44360 | Vaults:3 | Found Juzaote's Antique Weapon Shop.
 44384 | Vaults:3 | Bought a twisted glaive for 368 gold pieces
 44384 | Vaults:3 | Identified the +10 glaive of Departure {venom, rCorr Str+4
                  | Int+4} (You bought it in a shop on level 3 of the Vaults)
 44799 | Vaults:4 | Reached XP level 23. HP: 198/198 MP: 38/38
 44866 | Vaults:4 | Reached skill level 15 in Invocations
 46166 | Crypt:1  | Entered Level 1 of the Crypt
 46549 | Crypt:1  | Found a runed translucent door.
 46550 | Crypt:1  | Found the necklace of Bloodlust {*Rage Will++ Int-3 Slay+6}
 46551 | Crypt:1  | Noticed Pegamn's ghost (legendary GrBe)
 46586 | Crypt:1  | Reached skill level 16 in Invocations
 47412 | Depths:1 | Entered Level 1 of the Depths
 47412 | Depths:1 | Noticed Bai Suzhen
 47894 | Depths:1 | Killed Bai Suzhen
 48020 | Depths:1 | Was forgiven by Okawaru
 48118 | Depths:1 | Noticed Mara
 48125 | Depths:1 | Noticed Bnni's illusion
 48308 | Depths:1 | Found a gateway to Hell.
 48529 | Depths:1 | Noticed Nikola
 48535 | Depths:1 | Killed Nikola
 48535 | Depths:1 | Enslaved Nikola
 48595 | Depths:1 | Found an iron altar of Okawaru.
 48707 | Depths:1 | Noticed Bnni's illusion
 48746 | Depths:2 | Reached skill level 17 in Invocations
 48767 | Depths:2 | Your ally Nikola died
 48974 | Depths:2 | You fall into a shaft and drop 1 floor!
 49049 | Depths:2 | Found Derih's Demolitions Depot.
 49263 | Depths:2 | Reached XP level 24. HP: 192/196 MP: 39/39
 49439 | Depths:2 | Noticed the Enchantress
 49478 | Depths:2 | Killed the Enchantress
 49707 | Depths:2 | Reached skill level 18 in Invocations
 49759 | Depths:2 | Found a one-way gate to the infinite horrors of the Abyss.
 50049 | Depths:2 | Found a snail-covered altar of Cheibriados.
 50067 | Depths:2 | Got the Handbook of Burning Changing
 50322 | Depths:2 | Found a one-way gate leading to the halls of Pandemonium.
 50415 | Depths:3 | Reached skill level 19 in Invocations
 50472 | Depths:3 | Found a shadowy altar of Dithmenos.
 50531 | Depths:3 | Found a glowing silver altar of Zin.
 50661 | Depths:3 | You fall into a shaft and drop 1 floor!
 50661 | Depths:4 | Entered Level 4 of the Depths
 50953 | Depths:4 | Reached XP level 25. HP: 102/217 MP: 39/39
 51040 | Depths:4 | Found a gate to the Realm of Zot.
 51057 | Depths:4 | Reached skill level 20 in Invocations
 51338 | Depths:4 | Found Iqet Dyv's Distillery.
 51477 | Depths:4 | Found a blossoming altar of Fedhas.
 52149 | Depths:3 | Reached skill level 21 in Invocations
 52223 | Depths:3 | Found a stormy altar of Qazlal.
 52225 | Depths:3 | Found a one-way gateway to a ziggurat.
 52323 | Depths:3 | You fall into a shaft and drop 1 floor!
 52481 | Depths:3 | Found a white marble altar of Elyvilon.
 52845 | Depths:1 | You fall into a shaft and drop 1 floor!
 52912 | Depths:1 | Noticed Bnni's illusion
 53219 | Crypt:2  | Found a transporter.
 53248 | Crypt:2  | Found a transporter.
 53250 | Crypt:2  | Noticed Caitwiop's ghost (veteran GrFi)
 53504 | Crypt:2  | Identified the +2 leather armour "Rowel" {rC+ Regen+ Dex+3}
 53592 | Crypt:2  | Noticed Sojobo
 53613 | Crypt:2  | Killed Sojobo
 53708 | Crypt:2  | Noticed Saint Roka
 53722 | Crypt:2  | Reached skill level 22 in Invocations
 53729 | Crypt:2  | Reached skill level 15 in Translocations
 53756 | Crypt:2  | Your ally Sojobo died
 53785 | Crypt:2  | Killed Saint Roka
 54254 | Crypt:2  | Identified the -2 pair of boots of Jigamosch {rElec rC+
                  | Dex-3 Slay+3}
 54292 | Crypt:3  | Entered Level 3 of the Crypt
 54302 | Crypt:3  | Reached XP level 26. HP: 214/217 MP: 39/39
 54615 | Crypt:3  | Found an ancient bone altar of Kikubaaqudgha.
 55112 | Crypt:3  | Reached skill level 23 in Invocations
 55467 | Crypt:3  | Identified the ring "Xehom" {Fly rN+}
 55467 | Crypt:3  | Identified the ring of Xom's Hope {rN+ Dex+4 Slay+3}
 55548 | Crypt:3  | Found a staircase to the Tomb.
 55907 | Depths:2 | Voluntarily entered the Abyss.
 55967 | Abyss:2  | Gained mutation: Your body sometimes deteriorates upon
                  | taking damage. [a cacodemon]
 56090 | Abyss:2  | Lost mutation: Your body sometimes deteriorates upon taking
                  | damage. [potion of mutation]
 56090 | Abyss:2  | Lost mutation: You are clumsy. (Dex -2) [potion of
                  | mutation]
 56090 | Abyss:2  | Gained mutation: Potions are less effective at restoring
                  | your health. [potion of mutation]
 56090 | Abyss:2  | Gained mutation: You are robust. (+10% HP) [potion of
                  | mutation]
 56090 | Abyss:2  | Gained mutation: You are partially covered in iridescent
                  | scales. (AC +2) [potion of mutation]
 56133 | Abyss:2  | Found a corrupted altar of Lugonu.
 56171 | Abyss:2  | Noticed an ancient lich
 56173 | Abyss:3  | Found a corrupted altar of Lugonu.
 56512 | Abyss:4  | Noticed an ancient lich
 56522 | Abyss:4  | Killed an ancient lich
 56548 | Abyss:4  | Reached skill level 24 in Invocations
 56739 | Abyss:4  | Reached XP level 27. HP: 168/260 MP: 23/39
 56866 | Abyss:4  | Got an abyssal rune of Zot
 56874 | Depths:2 | Escaped the Abyss
 57282 | Slime:1  | Entered Level 1 of the Pits of Slime
 57409 | Slime:1  | Found a viscous altar of Jiyva.
 57489 | Slime:2  | Gained mutation: Armour fits poorly on your strangely
                  | shaped body. [a shining eye]
 57492 | Slime:2  | Gained mutation: You are dopey. (Int -2) [a shining eye]
 57595 | Slime:2  | Gained mutation: You are clumsy. (Dex -2) [a shining eye]
 57778 | Slime:2  | Lost mutation: You are dopey. (Int -2) [potion of mutation]
 57778 | Slime:2  | Lost mutation: Potions are less effective at restoring your
                  | health. [potion of mutation]
 57778 | Slime:2  | Gained mutation: Your body sometimes deteriorates upon
                  | taking damage. [potion of mutation]
 57778 | Slime:2  | Gained mutation: You have large cloven feet. [potion of
                  | mutation]
 57779 | Slime:2  | Lost mutation: You are clumsy. (Dex -2) [potion of
                  | mutation]
 57779 | Slime:2  | Lost mutation: Your body sometimes deteriorates upon taking
                  | damage. [potion of mutation]
 57779 | Slime:2  | Gained mutation: You do not regenerate when monsters are
                  | visible. [potion of mutation]
 57779 | Slime:2  | Gained mutation: Your mind is acute. (Int +4, Str/Dex -1)
                  | [potion of mutation]
 57780 | Slime:2  | Lost mutation: You are robust. (+10% HP) [potion of
                  | mutation]
 57780 | Slime:2  | Lost mutation: Armour fits poorly on your strangely shaped
                  | body. [potion of mutation]
 57780 | Slime:2  | Lost mutation: You are partially covered in iridescent
                  | scales. (AC +2) [potion of mutation]
 57780 | Slime:2  | Gained mutation: You occasionally lose the ability to read
                  | scrolls when taking damage. [potion of mutation]
 57780 | Slime:2  | Lost mutation: You have large cloven feet. [potion of
                  | mutation]
 57780 | Slime:2  | Gained mutation: Your spells are a little easier to cast,
                  | but a little less powerful. [potion of mutation]
 57780 | Slime:2  | Gained mutation: You passively map a small area around you.
                  | [potion of mutation]
 57781 | Slime:2  | Lost mutation: You occasionally lose the ability to read
                  | scrolls when taking damage. [potion of mutation]
 57781 | Slime:2  | Lost mutation: Your mind is acute. (Int +4, Str/Dex -1)
                  | [potion of mutation]
 57781 | Slime:2  | Lost mutation: Your spells are a little easier to cast, but
                  | a little less powerful. [potion of mutation]
 57781 | Slime:2  | Gained mutation: You are strong-willed. (Will+) [potion of
                  | mutation]
 57781 | Slime:2  | Gained mutation: You have hidden genetic defects. [potion
                  | of mutation]
 57781 | Slime:2  | Gained mutation: You have sharp toenails. [potion of
                  | mutation]
 57782 | Slime:2  | Lost mutation: You have hidden genetic defects. [potion of
                  | mutation]
 57782 | Slime:2  | Lost mutation: You passively map a small area around you.
                  | [potion of mutation]
 57782 | Slime:2  | Lost mutation: You are strong-willed. (Will+) [potion of
                  | mutation]
 57782 | Slime:2  | Gained mutation: Armour fits poorly on your strangely
                  | shaped body. [potion of mutation]
 57782 | Slime:2  | Gained mutation: Your system is resistant to poisons.
                  | (rPois) [potion of mutation]
 57783 | Slime:2  | Lost mutation: Your system is resistant to poisons. (rPois)
                  | [potion of mutation]
 57783 | Slime:2  | Lost mutation: You do not regenerate when monsters are
                  | visible. [potion of mutation]
 57783 | Slime:2  | Gained mutation: You passively map a small area around you.
                  | [potion of mutation]
 57783 | Slime:2  | Gained mutation: You are agile. (Dex +4, Str/Int -1)
                  | [potion of mutation]
 57783 | Slime:2  | Gained mutation: You passively map the area around you.
                  | [potion of mutation]
 57929 | Slime:4  | Reached skill level 25 in Invocations
 58685 | Vaults:5 | Entered Level 5 of the Vaults
 58893 | Vaults:5 | Reached skill level 26 in Invocations
 58896 | Vaults:5 | Killed from afar by a quicksilver dragon

Illustrated notes

Levels and vault maps discovered:
D:1:      eino_arrival_water_star, layout_basic,
          ebering_ecumenical_altar_petrified, glass_columns_c
D:2:      layout_basic, uniq_sigmund, uniq_jessica, uniq_robin
D:3:      layout_loops_ring, nicolae_overflow_crystal_walls, led_sif_book
D:4:      minmay_opposing_rooms, layout_loops_cross, xom_butterflies
D:5:      layout_loops_cross, vehumet_crystals, gup_sewer_entry_pipe,
          minmay_crystal_water, nicolae_grassy_gnolls
D:6:      layout_loops_ring
D:7:      layout_loops_ring, gammafunk_temple_overflow_elements,
          minmay_temple_entry_fiery, minivault_10, minmay_microvault
D:8:      layout_basic, mainiacjoe_overflow_alcove_4,
          lemuel_coloured_pillars_altar
D:9:      layout_irregular_city, mainiacjoe_overflow_24_doors,
          mainiacjoe_overflow_surrounded_room
D:10:     layout_roguey, lair_entry_dummy, patterned_corridor, uniq_erolcha,
          uniq_psyche, uniq_gastronok
D:11:     layout_cave_pools, erik_orc_3, enter_trove_1
D:12:     layout_basic, serial_shops, nicolae_take_the_stairs
D:13:     minmay_heptahexagon, layout_loops_ring, minivault_1
D:14:     kennysheep_four_of_diamonds, layout_gridville, erik_vaults_1,
          nicolae_shop_sticking_my_neck_out, uniq_frances
D:15:     grunt_enter_depths_giant_problem, layout_grid_maze,
          nicolae_dithmenos_shadow_blocks, serial_shops, shop_statue,
          nicolae_concentric_dashed_squares_mild, nicolae_ru_awakened_eye
Temple:   nicolae_temple_hex_pool
Lair:1:   layout_concentric_octagons
Lair:2:   layout_gridlike, shoals_dummy_entry, grunt_forest_large_clearing_hut,
          infiniplex_staircase_pool_2
Lair:3:   layout_chaotic_city, guppyfry_snake_entry_island, uniq_sonja
Lair:4:   layout_gridlike, minmay_lair_drake_nest
Lair:5:   gammafunk_lair_ancient_temple, layout_regular_city, slime_entry_1,
          serial_bayou_shore_b
Shoals:1: layout_shoals
Shoals:2: layout_shoals, serial_shops, nicolae_diamond_shop,
          nicolae_shoals_nymph_descending_staircase, uniq_ilsuiw
Shoals:3: layout_shoals, serial_shops, shop, shop, nicolae_lakefront_shop,
          nicolae_shoals_beach_house_on_fowls_legs
Shoals:4: shoals_end_grunt_garden, layout_shoals
Snake:1:  cheibrodos_snake_lava_hold, layout_grid_shapes,
          nicolae_snake_storage_room
Snake:2:  layout_onion, drop_trap, guppyfry_snake_island, minmay_shoptagon,
          serial_bayou_shore_b
Snake:3:  layout_layer_cave, uniq_agnes, uniq_vashnia
Snake:4:  hellmonk_snake_rune_quicksilver_temple, layout_gridlike,
          nicolae_coiled_stairwell_up, grunt_megastairs_2, serial_bayou_shore_a
Slime:1:  layout_caves, basic_altar, cheibrodos_slime_lost_civilization_6
Slime:2:  layout_caves
Slime:3:  layout_caves
Slime:4:  layout_caves
Orc:1:    layout_caves, ebering_ghost_inner_flame, statue_in_the_mist_lemuel,
          nicolae_orc_stony_grotto, nicolae_orc_lava_room
Orc:2:    st_orc_rangers, layout_diamond_mine, serial_shops,
          nicolae_shop_hallway_stairs, nicolae_shop_statue_plus, shop,
          nicolae_diamond_shop, uniq_maurice
Elf:1:    layout_geoelf_grid, serial_shops, nicolae_square_shop, minivault_28,
          nicolae_elf_stone_circles
Elf:2:    elven_hall_of_blades_hangedman_alternative
          [nicolae_blade_entry_area_security], layout_geoelf_diagonals,
          serial_shops, nicolae_shop_temple_entry_statues_fountains,
          nicolae_shop_behind_doors, nicolae_square_shop,
          nicolae_lakefront_shop, dreamdust_mushroom_princess
Elf:3:    minmay_elf_hall_not_hex, layout_gridlike, serial_shops, shop,
          infiniplex_enter_wizlab_spiral, minmay_shop_star
Vaults:1: v_misc_12, nicolae_vaults_network_quinsquares
          [nicolae_vaults_network_quincunx_subvault,
          nicolae_vaults_network_quincunx_subvault,
          nicolae_vaults_network_quincunx_subvault,
          nicolae_vaults_network_quincunx_subvault], hangedman_vaults_stagger,
          nicolae_vaults_theta, grunt_vaults_hallway_short, v_misc_29,
          ontoclasm_vaults_idyll, layout_vaults_big_room, serial_shops, shop
Vaults:2: ontoclasm_vaults_ring_large, ontoclasm_vaults_twist,
          minmay_crypt_entry_skeletal_spiral, ontoclasm_vaults_tryst,
          hangedman_vaults_restitches, grunt_vaults_focal,
          ontoclasm_vaults_ring_large, v_misc_4, v_misc_14,
          nicolae_vaults_gold_heap, nicolae_vaults_three_branches, v_pattern_2,
          layout_vaults_omnibox
Vaults:3: v_alt_pattern_6, v_rooms_2, nicolae_vaults_specimen_jars,
          nicolae_vaults_network_barrier,
          nicolae_vaults_windows_and_doors_thing,
          nicolae_vaults_little_squares_2, v_misc_3, grunt_vaults_funnel,
          serial_ice_g, layout_vaults_omnicross, serial_shops, shop_fountains
Vaults:4: v_misc_24, hangedman_vaults_unwind, v_misc_5,
          ontoclasm_vaults_ligature, vaults_standard_mumra_x,
          ontoclasm_vaults_chip, layout_vaults_omnigrid
Vaults:5: serial_shops
Crypt:1:  layout_catacombs, gammafunk_ghost_grave
Crypt:2:  layout_misc_corridors, gammafunk_ghost_mausoleum, uniq_sojobo,
          uniq_saint_roka
Crypt:3:  grunt_crypt_end_deaths_head
Depths:1: layout_roguey, hangedman_abyss_or_decor_slice,
          grunt_hell_entry_dis_mu, okawaru_ov_weapons_minmay, uniq_nikola,
          uniq_bai_suzhen, uniq_mara
Depths:2: pf_snail_temple, layout_cave_shapes, hell_entry, abyss_entry,
          grunt_pan_entry_spiral, nicolae_blasting_shop, uniq_enchantress
Depths:3: grunt_profane_halls [grunt_profane_temple_geh,
          grunt_profane_temple_dis, grunt_profane_temple_coc,
          grunt_profane_temple_tar, grunt_profane_loot], abyss_entry, hell_entry
Depths:4: evilmike_zot_entry_basic, layout_gridville, pf_dread_powers_of_hell,
          serial_shops, shop, fedhas_altar_4

Skill      XL: |  1  2  3  4  5  6  7  8  9 10 11 12 13 14 15 16 17 18 19 20 21 22 23 24 25 26 27 |
---------------+----------------------------------------------------------------------------------+-----
Shields        | 5 11 14 17 | 17.2
Polearms       | 3 5 6 8 14 15 16 18 20 23 24 | 24.0
Fighting       | 4 5 6 7 9 10 11 13 14 16 17 18 19 20 21 22 23 24 | 24.5
Invocations    | 1 4 6 10 11 12 13 14 17 19 22 24 26 | 26.0
Armour         | 4 6 7 8 9 10 12 15 17 18 | 18.0
Spellcasting   | 4 7 9 10 11 12 | 12.0
Translocations | 4 7 8 10 12 14 15 16 17 | 17.0

Action                   |  1- 3 |  4- 6 |  7- 9 | 10-12 | 13-15 | 16-18 | 19-21 | 22-24 | 25-27 || total
-------------------------+-------+-------+-------+-------+-------+-------+-------+-------+-------++-------
Melee: Trident           |    88 |    28 |       |   569 |   354 |       |       |       |       ||  1039
       Quarterstaff      |       |    84 |   250 |       |       |       |       |       |       ||   334
       Bardiche          |       |       |       |    24 |   405 |   977 |  1090 |  1695 |  1396 ||  5587
 Cast: Lesser Beckoning  |       |       |       |       |       |       |     2 |     1 |     9 ||    12
       Teleport Other    |       |       |       |       |       |       |       |    10 |       ||    10
       Passage of Golubr |       |       |       |       |       |       |       |     1 |     3 ||     4
       Manifold Assault  |       |       |       |       |       |       |       |       |    49 ||    49
       Dispersal         |       |       |       |       |       |       |       |       |     1 ||     1
Invok: Heroism           |       |       |       |     8 |     3 |    15 |    11 |     1 |       ||    38
       Finesse           |       |       |       |     3 |     6 |     8 |     9 |     1 |       ||    27
       Duel              |       |       |       |       |       |     5 |       |       |       ||     5
       Dark Bargain      |       |       |       |       |       |       |       |     9 |     9 ||    18
       Recall Undead Har |       |       |       |       |       |       |       |    14 |     9 ||    23
       Bind Soul         |       |       |       |       |       |       |       |     5 |     4 ||     9
       Drain Life        |       |       |       |       |       |       |       |     2 |    10 ||    12
 Abil: Dig               |       |       |       |       |     1 |     1 |       |     6 |     4 ||    12
       Shaft Self        |       |       |       |       |       |       |       |     1 |     2 ||     3
Evoke: Wand              |       |       |       |       |       |       |     2 |       |     4 ||     6
       Phantom mirror    |       |       |       |       |       |       |       |       |     1 ||     1
  Use: Scroll            |       |       |     4 |     8 |    14 |     9 |     6 |     9 |    11 ||    61
       Potion            |       |       |     1 |     1 |       |    11 |     4 |    16 |    17 ||    50
 Stab: Distracted        |       |       |       |       |     1 |       |       |    18 |    18 ||    37
       Invisible         |       |       |       |       |       |       |       |     8 |       ||     8
Armor: Scale mail        |    31 |    50 |    93 |       |       |       |       |       |       ||   174
       Chain mail        |       |       |    14 |    61 |   205 |   125 |       |       |       ||   405
       Plate armour      |       |       |       |    50 |       |       |       |       |       ||    50
       Crystal plate arm |       |       |       |       |       |    69 |   132 |   458 |   543 ||  1202
Dodge: Dodged            |    27 |    44 |    92 |    81 |    77 |    77 |    51 |   285 |   153 ||   887
Block: Buckler           |    18 |    42 |    82 |    29 |       |       |       |       |       ||   171
       Tower shield      |       |       |       |    78 |   728 |  1095 |   767 |  1307 |  1234 ||  5209
       Kite shield       |       |       |       |    21 |       |       |       |       |       ||    21
       Reflection        |       |       |       |       |    26 |   184 |   186 |       |       ||   396

Table legend: (Time is in decaauts)
 A = Elapsed time spent in this place.
 B = Non-inter-level travel time spent in this place.
 C = Inter-level travel time spent in this place.
 D = Time resting spent in this place.
 E = Time spent auto-exploring this place.
 F = Levels seen in this place.
 G = Mean time per level.
                   A        B        C        D        E       F      G
               +--------+--------+--------+--------+--------+-----+--------+
         Total |  57833 |  52581 |   5252 |   8582 |  29328 |  61 |  948.1 |
       Dungeon |  16503 |  14438 |   2065 |   1434 |   9981 |  15 | 1100.2 |
        Temple |      9 |      3 |      6 |      0 |      0 |   1 |    9.0 |
          Lair |   6398 |   5652 |    746 |    764 |   4009 |   5 | 1279.6 |
        Shoals |   4846 |   4572 |    274 |    737 |   2822 |   4 | 1211.5 |
     Snake Pit |   7289 |   6938 |    351 |   2489 |   3206 |   4 | 1822.2 |
    Slime Pits |    981 |    910 |     71 |    197 |     55 |   4 |  245.2 |
  Orcish Mines |   1727 |   1486 |    241 |    109 |   1103 |   2 |  863.5 |
   Elven Halls |   4348 |   4185 |    163 |    703 |   2420 |   3 | 1449.3 |
        Vaults |   5960 |   5192 |    768 |    553 |   3149 |   5 | 1192.0 |
         Crypt |   3366 |   3140 |    226 |    500 |    993 |   3 | 1122.0 |
        Depths |   5130 |   4792 |    338 |    947 |   1472 |   4 | 1282.5 |
         Abyss |    909 |    909 |      0 |     76 |      0 |   4 |  227.2 |
         Sewer |    179 |    179 |      0 |      0 |    116 |   1 |  179.0 |
        Wizlab |     51 |     51 |      0 |      0 |      0 |   1 |   51.0 |
         Arena |    128 |    128 |      0 |     69 |      0 |   5 |   25.6 |
               +--------+--------+--------+--------+--------+-----+--------+

Top non-repeatable levels by time:
 Snake:4: 2370 daAuts
 Snake:2: 2238 daAuts
    D:15: 1970 daAuts
Vaults:2: 1729 daAuts
 Snake:3: 1716 daAuts
Depths:2: 1716 daAuts
   Elf:3: 1704 daAuts
    D:13: 1657 daAuts
    D:14: 1620 daAuts
  Lair:2: 1596 daAuts
  Lair:3: 1577 daAuts
Vaults:4: 1523 daAuts
   Elf:2: 1513 daAuts
Shoals:3: 1468 daAuts
Vaults:1: 1402 daAuts
